| TOP OF THE 1ST |
|
Hamilton Ross Rams batting - Pitching for University of Nebraska Cornhuskers : LHP Kyu-jin Kang
|
|
Pitching: LHP Kyu-jin Kang
|
|
|
Batting: RHB Giovonni Melis
|
0-0: Called Strike 0-1: Ball 1-1: Ball 2-1: Foul Ball, location: 2F 2-2: Strikes out swinging
|
|
Batting: RHB Sam Costello
|
0-0: Foul Ball, location: 2F 0-1: Ground out U3 (Groundball, 34S, EV 83.8 MPH)
|
|
Batting: RHB Drew Morgenstern
|
0-0: Fly out, F9 (Flyball, 9S, EV 90.6 MPH)
|
| Top of the 1st over - 0 runs, 0 hits, 0 errors, 0 left on base; Hamilton Ross 0 - University of Nebraska 0 |
| BOTTOM OF THE 1ST |
|
University of Nebraska Cornhuskers batting - Pitching for Hamilton Ross Rams : RHP Gareth Valcourt
|
|
Pitching: RHP Gareth Valcourt
|
|
|
Batting: RHB Mario Lopec
|
0-0: Called Strike 0-1: Ball 1-1: Ball 2-1: Ball 3-1: Fly out, F9 (Flyball, 9, EV 90.6 MPH)
|
|
Batting: SHB Gary Luckwell
|
0-0: Ball 1-0: SINGLE (Line Drive, 4D, EV 97.5 MPH)
|
|
Batting: LHB Bob Appleby
|
0-0: Ball 1-0: Called Strike Gary Luckwell steals 2nd base 1-1: Swinging Strike 1-2: Ground out 6-3 (Groundball, 6, EV 81.9 MPH) Gary Luckwell to third
|
|
Batting: RHB Matt Peters
|
0-0: Called Strike 0-1: Ball 1-1: Foul Ball, location: 2F 1-2: Strikes out swinging
|
| Bottom of the 1st over - 0 runs, 1 hit, 0 errors, 1 left on base; Hamilton Ross 0 - University of Nebraska 0 |
| TOP OF THE 2ND |
|
Hamilton Ross Rams batting - Pitching for University of Nebraska Cornhuskers : LHP Kyu-jin Kang
|
|
Batting: RHB Chun-hak Ahn
|
0-0: Ball 1-0: Ball 2-0: Foul Ball, location: 2F 2-1: Ball 3-1: DOUBLE (Line Drive, 78D, EV 103.1 MPH)
|
|
Batting: SHB Steve Bailey
|
0-0: Ball 1-0: Ball 2-0: Swinging Strike 2-1: Called Strike 2-2: Ground out U3 (Groundball, 34, EV 100.0 MPH) Chun-hak Ahn to third
|
|
Batting: LHB Addergoole Kartosuwiryo
|
0-0: Foul Ball, location: 2F 0-1: Swinging Strike 0-2: Ball 1-2: Ball 2-2: Strikes out swinging
|
|
Batting: LHB Jose Lopez
|
0-0: Ball 1-0: Swinging Strike 1-1: Swinging Strike 1-2: Ball 2-2: Foul Ball, location: 2F 2-2: Strikes out swinging
|
| Top of the 2nd over - 0 runs, 1 hit, 0 errors, 1 left on base; Hamilton Ross 0 - University of Nebraska 0 |
| BOTTOM OF THE 2ND |
|
University of Nebraska Cornhuskers batting - Pitching for Hamilton Ross Rams : RHP Gareth Valcourt
|
|
Batting: LHB Avicenna Abdul-Muta'al
|
0-0: Ball 1-0: Ball 2-0: Called Strike 2-1: Ball 3-1: Called Strike 3-2: Foul Ball, location: 2F 3-2: Fly out, F7 (Flyball, 7D, EV 104.4 MPH)
|
|
Batting: RHB Charlie Lutz
|
0-0: Called Strike 0-1: Called Strike 0-2: Ball 1-2: Strikes out swinging
|
|
Batting: SHB Andy Henn
|
0-0: Ball 1-0: SINGLE (Groundball, 4MD, EV 105.6 MPH)
|
|
Batting: RHB Tariq Garane
|
0-0: Ball Andy Henn steals 2nd base 1-0: Ground out 6-3 (Groundball, 6, EV 83.8 MPH)
|
| Bottom of the 2nd over - 0 runs, 1 hit, 0 errors, 1 left on base; Hamilton Ross 0 - University of Nebraska 0 |
| TOP OF THE 3RD |
|
Hamilton Ross Rams batting - Pitching for University of Nebraska Cornhuskers : LHP Kyu-jin Kang
|
|
Batting: RHB Mark Kerr
|
0-0: Called Strike 0-1: Ball 1-1: Ball 2-1: Swinging Strike 2-2: Ball 3-2: Foul Ball, location: 2F 3-2: Ground out U3 (Groundball, 34, EV 98.8 MPH)
|
|
Batting: RHB Anderson Shumate
|
0-0: Ball 1-0: Ball 2-0: Ball 3-0: Called Strike 3-1: Called Strike 3-2: Foul Ball, location: 2F 3-2: Foul Ball, location: 2F 3-2: Strikes out looking
|
|
Batting: RHB Giovonni Melis
|
0-0: Called Strike 0-1: Foul Ball, location: 2F 0-2: Ball 1-2: Foul Ball, location: 2F 1-2: Ground out 6-3 (Groundball, 6, EV 81.2 MPH)
|
| Top of the 3rd over - 0 runs, 0 hits, 0 errors, 0 left on base; Hamilton Ross 0 - University of Nebraska 0 |
| BOTTOM OF THE 3RD |
|
University of Nebraska Cornhuskers batting - Pitching for Hamilton Ross Rams : RHP Gareth Valcourt
|
|
Batting: RHB Alex Garcia
|
0-0: Ball 1-0: SINGLE (Flyball, 3D, EV 89.4 MPH)
|
|
Batting: RHB Mario Lopec
|
0-0: Foul Ball, location: 2F 0-1: Ball Alex Garcia steals 2nd base 1-1: Ground out 1-3 (Groundball, 13, EV 70.6 MPH) Alex Garcia to third
|
|
Batting: SHB Gary Luckwell
|
0-0: Called Strike 0-1: Fly out, F8 (Line Drive, 8RM, EV 92.5 MPH) Runner from 3rd tags up, SCORES, throw by CF
|
|
Batting: LHB Bob Appleby
|
0-0: Ball 1-0: Swinging Strike 1-1: Foul Ball, location: 2F 1-2: Strikes out swinging, 2-3 out at first.
|
| Bottom of the 3rd over - 1 run, 1 hit, 0 errors, 0 left on base; Hamilton Ross 0 - University of Nebraska 1 |
| TOP OF THE 4TH |
|
Hamilton Ross Rams batting - Pitching for University of Nebraska Cornhuskers : LHP Kyu-jin Kang
|
|
Batting: RHB Sam Costello
|
0-0: Ball 1-0: Foul Ball, location: 2F 1-1: Foul Ball, location: 2F 1-2: Strikes out swinging
|
|
Batting: RHB Drew Morgenstern
|
0-0: Foul Ball, location: 2F 0-1: Ball 1-1: Ball 2-1: Ball 3-1: Foul Ball, location: 2F 3-2: Strikes out swinging
|
|
Batting: RHB Chun-hak Ahn
|
0-0: Called Strike 0-1: Foul Ball, location: 2F 0-2: Ball 1-2: Ground out 6-3 (Groundball, 6, EV 86.9 MPH)
|
| Top of the 4th over - 0 runs, 0 hits, 0 errors, 0 left on base; Hamilton Ross 0 - University of Nebraska 1 |
| BOTTOM OF THE 4TH |
|
University of Nebraska Cornhuskers batting - Pitching for Hamilton Ross Rams : RHP Gareth Valcourt
|
|
Batting: RHB Matt Peters
|
0-0: Called Strike 0-1: Ball 1-1: Foul Ball, location: 2F 1-2: Foul Ball, location: 2F 1-2: Ball 2-2: Ball 3-2: SINGLE (Groundball, 6M, EV 95.6 MPH)
|
|
Batting: LHB Avicenna Abdul-Muta'al
|
0-0: Foul Ball, location: 2F 0-1: Ball 1-1: Called Strike 1-2: Strikes out swinging
|
|
Batting: RHB Charlie Lutz
|
0-0: Ball 1-0: Ball 2-0: Ball 3-0: Called Strike 3-1: Fly out, F7 (Flyball, 7S, EV 91.9 MPH)
|
|
Batting: SHB Andy Henn
|
0-0: Ball 1-0: Called Strike 1-1: Swinging Strike 1-2: Ball 2-2: Strikes out swinging
|
| Bottom of the 4th over - 0 runs, 1 hit, 0 errors, 1 left on base; Hamilton Ross 0 - University of Nebraska 1 |
| TOP OF THE 5TH |
|
Hamilton Ross Rams batting - Pitching for University of Nebraska Cornhuskers : LHP Kyu-jin Kang
|
|
Batting: SHB Steve Bailey
|
0-0: Ball 1-0: Ground out 4-3 (Groundball, 4, EV 85.6 MPH)
|
|
Batting: LHB Addergoole Kartosuwiryo
|
0-0: Ball 1-0: Swinging Strike 1-1: Swinging Strike 1-2: Strikes out swinging
|
|
Batting: LHB Jose Lopez
|
0-0: Ground out 6-3 (Groundball, 6, EV 98.1 MPH)
|
| Top of the 5th over - 0 runs, 0 hits, 0 errors, 0 left on base; Hamilton Ross 0 - University of Nebraska 1 |
| BOTTOM OF THE 5TH |
|
University of Nebraska Cornhuskers batting - Pitching for Hamilton Ross Rams : RHP Gareth Valcourt
|
|
Batting: RHB Tariq Garane
|
0-0: Reached on error, E6 (Groundball, 56, EV 89.4 MPH)
|
|
Batting: RHB Alex Garcia
|
0-0: Swinging Strike 0-1: Called Strike 0-2: Ball 1-2: Ball 2-2: Strikes out looking
|
|
Batting: RHB Mario Lopec
|
0-0: Ball 1-0: Ball 2-0: Called Strike 2-1: Fly out, F2 (Popup, 3SF, EV 70.0 MPH)
|
|
Batting: SHB Gary Luckwell
|
0-0: Ball 1-0: Called Strike 1-1: Foul Ball, location: 2F 1-2: Ground out U3 (Groundball, 34S, EV 86.9 MPH)
|
| Bottom of the 5th over - 0 runs, 0 hits, 1 error, 1 left on base; Hamilton Ross 0 - University of Nebraska 1 |
| TOP OF THE 6TH |
|
Hamilton Ross Rams batting - Pitching for University of Nebraska Cornhuskers : LHP Kyu-jin Kang
|
|
Batting: RHB Mark Kerr
|
0-0: Called Strike 0-1: Ball 1-1: Swinging Strike 1-2: Ball 2-2: Foul Ball, location: 2F 2-2: Foul Ball, location: 2F 2-2: Foul Ball, location: 2F 2-2: Foul Ball, location: 2F 2-2: Foul Ball, location: 2F 2-2: Foul Ball, location: 2F 2-2: Strikes out swinging
|
|
Pitching: RHP Alessandro Cuoco
|
|
|
Batting: RHB Anderson Shumate
|
0-0: Called Strike 0-1: Ball 1-1: Swinging Strike 1-2: Strikes out looking
|
|
Batting: RHB Giovonni Melis
|
0-0: Ball 1-0: Foul Ball, location: 2F 1-1: Ball 2-1: Ball 3-1: Swinging Strike 3-2: Fly out, F8 (Flyball, 8RD, EV 96.2 MPH)
|
| Top of the 6th over - 0 runs, 0 hits, 0 errors, 0 left on base; Hamilton Ross 0 - University of Nebraska 1 |
| BOTTOM OF THE 6TH |
|
University of Nebraska Cornhuskers batting - Pitching for Hamilton Ross Rams : RHP Gareth Valcourt
|
|
Batting: LHB Bob Appleby
|
0-0: Ball 1-0: Ball 2-0: Ball 3-0: Called Strike 3-1: DOUBLE (Line Drive, 78XD, EV 101.2 MPH)
|
|
Pitching: RHP Jimmy Simpson
|
|
|
Batting: RHB Matt Peters
|
0-0: Ball 1-0: Ball 2-0: Called Strike 2-1: Ball 3-1: Ground out 6-3 (Groundball, 6M, EV 83.8 MPH) Bob Appleby to third
|
|
Batting: LHB Avicenna Abdul-Muta'al
|
0-0: Ball 1-0: Ball Wild Pitch! Bob Appleby scores 2-0: Foul Ball, location: 2F 2-1: Foul Ball, location: 2F 2-2: Fly out, F6 (Popup, 6MD, EV 56.9 MPH)
|
|
Batting: RHB Charlie Lutz
|
0-0: Ball 1-0: Swinging Strike 1-1: Ball 2-1: Ball 3-1: Base on Balls
|
|
Batting: SHB Andy Henn
|
0-0: Swinging Strike 0-1: Ground out U3 (Groundball, 34, EV 101.9 MPH)
|
| Bottom of the 6th over - 1 run, 1 hit, 0 errors, 1 left on base; Hamilton Ross 0 - University of Nebraska 2 |
| TOP OF THE 7TH |
|
Hamilton Ross Rams batting - Pitching for University of Nebraska Cornhuskers : RHP Alessandro Cuoco
|
|
Batting: RHB Sam Costello
|
0-0: Foul Ball, location: 2F 0-1: Called Strike 0-2: Ball 1-2: Ball 2-2: Fly out, F8 (Flyball, 78M, EV 96.9 MPH)
|
|
Batting: RHB Drew Morgenstern
|
0-0: Ball 1-0: Called Strike 1-1: Called Strike 1-2: Strikes out looking
|
|
Batting: RHB Chun-hak Ahn
|
0-0: SINGLE (Groundball, 6MS, EV 84.4 MPH) (infield hit)
|
|
Batting: SHB Steve Bailey
|
0-0: Ball 1-0: Swinging Strike 1-1: Foul Ball, location: 2F 1-2: Ball 2-2: Ball 3-2: Foul Ball, location: 2F 3-2: Strikes out swinging
|
| Top of the 7th over - 0 runs, 1 hit, 0 errors, 1 left on base; Hamilton Ross 0 - University of Nebraska 2 |
| BOTTOM OF THE 7TH |
|
University of Nebraska Cornhuskers batting - Pitching for Hamilton Ross Rams : RHP Jimmy Simpson
|
|
Pitching: RHP Robin Kay
|
|
|
Batting: RHB Tariq Garane
|
0-0: Ground out 4-3 (Groundball, 4, EV 100.0 MPH)
|
|
Pinch Hitting: LHB Kevin Brannon
|
0-0: Ball 1-0: Fly out, F8 (Flyball, 8LD, EV 95.0 MPH)
|
|
Batting: RHB Mario Lopec
|
0-0: Foul Ball, location: 2F 0-1: Ground out 5-3 (Groundball, 56S, EV 89.4 MPH)
|
| Bottom of the 7th over - 0 runs, 0 hits, 0 errors, 0 left on base; Hamilton Ross 0 - University of Nebraska 2 |
| TOP OF THE 8TH |
|
Hamilton Ross Rams batting - Pitching for University of Nebraska Cornhuskers : RHP Alessandro Cuoco
|
|
Now at 3B: Danny Forbes
|
|
|
Batting: LHB Addergoole Kartosuwiryo
|
0-0: Called Strike 0-1: Ball 1-1: Foul Ball, location: 2F 1-2: Ball 2-2: Strikes out swinging
|
|
Batting: LHB Jose Lopez
|
0-0: Ball 1-0: Ball 2-0: Ball 3-0: Base on Balls
|
|
Pinch Hitting: RHB Burke Miller
|
0-0: Called Strike 0-1: Swinging Strike 0-2: Foul Ball, location: 2F 0-2: Fly out, F9 (Line Drive, 9, EV 88.8 MPH)
|
|
Batting: RHB Anderson Shumate
|
0-0: Ball 1-0: Ball 2-0: Called Strike 2-1: Foul Ball, location: 2F 2-2: Strikes out swinging
|
| Top of the 8th over - 0 runs, 0 hits, 0 errors, 1 left on base; Hamilton Ross 0 - University of Nebraska 2 |
| BOTTOM OF THE 8TH |
|
University of Nebraska Cornhuskers batting - Pitching for Hamilton Ross Rams : RHP Robin Kay
|
|
Now at SS: C.J. Fleet
|
|
|
Batting: SHB Gary Luckwell
|
0-0: Called Strike 0-1: Swinging Strike 0-2: Ground out U3 (Groundball, 3L, EV 85.0 MPH)
|
|
Batting: LHB Bob Appleby
|
0-0: Fly out, F8 (Flyball, 8LD, EV 99.4 MPH)
|
|
Batting: RHB Matt Peters
|
0-0: Ball 1-0: Foul Ball, location: 2F 1-1: Called Strike 1-2: Ball 2-2: Ball 3-2: Fly out, F4 (Popup, 34D, EV 75.0 MPH)
|
| Bottom of the 8th over - 0 runs, 0 hits, 0 errors, 0 left on base; Hamilton Ross 0 - University of Nebraska 2 |
| TOP OF THE 9TH |
|
Hamilton Ross Rams batting - Pitching for University of Nebraska Cornhuskers : RHP Alessandro Cuoco
|
|
Pitching: RHP Jimmy Fritcher
|
|
|
Batting: RHB Giovonni Melis
|
0-0: Ball 1-0: Ground out 6-3 (Groundball, 6M, EV 78.1 MPH)
|
|
Batting: RHB Sam Costello
|
0-0: Called Strike 0-1: Foul Ball, location: 2F 0-2: Ball 1-2: Strikes out swinging
|
|
Batting: RHB Drew Morgenstern
|
0-0: Ball 1-0: Ball 2-0: Ball 3-0: Called Strike 3-1: Called Strike 3-2: Foul Ball, location: 2F 3-2: DOUBLE (Line Drive, 78M, EV 104.4 MPH)
|
|
Batting: RHB Chun-hak Ahn
|
0-0: Ball 1-0: Called Strike 1-1: Ground out 4-3 (Groundball, 4M, EV 92.5 MPH)
|
| Top of the 9th over - 0 runs, 1 hit, 0 errors, 1 left on base; Hamilton Ross 0 - University of Nebraska 2 |
|